 Dungeon Crawl Stone Soup version 0.24.1 (webtiles) character file.

Game seed: 8686780775785901554, levelgen mode: deterministic

11 lepoulpe303 the Firebug (level 2, -2/15 HPs)
             Began as a Deep Elf Fire Elementalist on Mar 31, 2020.
             Slain by a hobgoblin
             ... wielding a +0 spear
              (5 damage)
             ... on level 1 of the Dungeon.
             The game lasted 00:01:59 (501 turns).

lepoulpe303 the Firebug (Deep Elf Fire Elementalist) Turns: 501, Time: 00:01:59

Health: -2/15      AC:  2    Str:  5    XL:     2   Next: 13%
Magic:  5/8        EV: 13    Int: 19    God:
Gold:   6          SH:  0    Dex: 15    Spells: 4/7 levels left

rFire    . . .     SeeInvis .   (no weapon)
rCold    . . .     Gourm    .   (no shield)
rNeg     . . .     Faith    .   a - +0 robe
rPois    .         Spirit   .   (no helmet)
rElec    .         Reflect  .   (no cloak)
rCorr    .         Harm     .   (no gloves)
MR       .....                  (no boots)
Stlth    ++........             (no amulet)
HPRegen  0.05/turn              (no ring)
MPRegen  0.11/turn              (no ring)

@: no status effects
A: no striking features
a: no special abilities


You were on level 1 of the Dungeon.
You were not hungry.

You visited 1 branch of the dungeon, and saw 1 of its levels.

You collected 6 gold pieces.

Inventory:

Armour
 a - a +0 robe (worn)
Potions
 b - a potion of curing {unknown}
Comestibles
 c - a chunk of flesh
 e - 2 rations


   Skills:
 + Level 2.6 Dodging
 + Level 2.5 Stealth
 * Level 3.2 Spellcasting
 * Level 1.5 Conjurations
 * Level 3.5 Fire Magic


You had 4 spell levels left.
You knew the following spells:

 Your Spells              Type           Power        Failure   Level  Hunger
a - Flame Tongue          Conj/Fire      ##...        5%          1    None
x - Throw Flame           Conj/Fire      ##....       9%          2    ##.....

Your spell library contained the following spells:

 Spells                   Type           Power        Failure   Level  Hunger
 Conjure Flame            Conj/Fire      ##......     16%         3    ###....
 Inner Flame              Hex/Fire       #.......     22%         3    ###....
 Sticky Flame             Conj/Fire      ##......     47%         4    ####...
 Fireball                 Conj/Fire      ##........   83%         5    ######.


Dungeon Overview and Level Annotations

Branches:
Dungeon (1/15)

Altars:


Message History

MP restored: 8 The hobgoblin shouts!
The hobgoblin hits you from afar with a +0 spear.
* * * LOW HITPOINT WARNING * * *
You take 6 damage, and have 9/15 hp.
MASSIVE DAMAGE!!
Aim: a hobgoblin, wielding a +0 spear The flame tongue misses the hobgoblin.
The hobgoblin hits you from afar with a +0 spear.
* * * LOW HITPOINT WARNING * * *
You take 6 damage, and have 3/15 hp.
MASSIVE DAMAGE!!
You now have 7/8 mp.
Unknown command.
You don't know that spell.
Aim: a hobgoblin, wielding a +0 spear The puff of flame misses the hobgoblin.
You now have 5/8 mp.
The hobgoblin hits you from afar with a +0 spear.
You die...

.> #......# ..
#......# ....
####......#
###.... .
#.........#
......
..#.........#
.....
........#####
...#
###....g##
...#.#
#......#
...#.#
######@##
...#.# #...#
.....# #.#.##
.....# #.#..#
.....# #.##.##
.....# #.##..#
#....#
#.###.######.#
#g...# #.#
#........#
#....#
#'####.#######


You could see a hobgoblin.

Levels and vault maps discovered:
D:1:      elethiomel_arrival_quiet, layout_basic

Notes
Turn   | Place    | Note
-------+----------+-------------------------------------------
     0 | D:1      | lepoulpe303 the Deep Elf Fire Elementalist began the quest
                  | for the Orb.
     0 | D:1      | Reached XP level 1. HP: 10/10 MP: 6/6
   265 | D:1      | Identified a +0 dagger
   267 | D:1      | Reached XP level 2. HP: 15/15 MP: 5/8
   271 | D:1      | Learned a level 2 spell: Throw Flame
   292 | D:1      | Identified a +0 club
   493 | D:1      | Identified a +0 spear
   496 | D:1      | HP: 3/15 [hobgoblin/+0 spear (6)]
   501 | D:1      | Slain by a hobgoblin

Table legend:
 A = Turns spent in this place as a percentage of turns spent in the entire game.
 B = Non-inter-level travel turns spent in this place as a percentage of non-inter-level travel turns spent in the entire game.
 C = Inter-level travel turns spent in this place as a percentage of turns spent in this place.
 D = Turns resting spent in this place as a percentage of non-inter-level travel turns spent in this place.
 E = Turns spent auto-exploring this place as a percentage of non-inter-level travel turns spent in this place.
 F = Non-inter-level travel turns spent in this place divided by the number of levels of this place that you've seen.
                   A       B       C       D       E      F
               +-------+-------+-------+-------+-------+----------------------
         Total | 100.0 | 100.0 |   0.0 |  51.3 |  23.0 | 501.0
       Dungeon | 100.0 | 100.0 |   0.0 |  51.3 |  23.0 | 501.0
               +-------+-------+-------+-------+-------+----------------------

Table legend:
 A = Kills in this place as a percentage of kills in entire the game.
 B = Kills by you in this place as a percentage of kills by you in the entire game.
 C = Kills by friends in this place as a percentage of kills by friends in the entire game.
 D = Other kills in this place as a percentage of other kills in the entire game.
 E = Experience gained in this place as a percentage of experience gained in the entire game.
 F = Experience gained in this place divided by the number of levels of this place that you have seen.
                   A       B       C       D       E      F
               +-------+-------+-------+-------+-------+----------------------
         Total | 100.0 | 100.0 |   N/A |   N/A | 100.0 |  16.0
       Dungeon | 100.0 | 100.0 |   N/A |   N/A | 100.0 |  16.0
               +-------+-------+-------+-------+-------+----------------------

Action                   || total
-------------------------++-------
 Cast: Flame Tongue      ||    22
       Throw Flame       ||     1
Dodge: Dodged            ||    13

Vanquished Creatures
  A bat (D:1)
  A goblin (D:1)
  A hobgoblin (D:1)
  3 jackals (D:1)
  A ball python (D:1)
  3 rats (D:1)
10 creatures vanquished.
